 Dungeon Crawl Stone Soup version 0.22-a0-614-g34fbaa0 (webtiles) character file.

4312 royokou the Destroyer (level 10, -1/69 HPs)
             Began as a Black Draconian Conjurer on July 15, 2018.
             Was an Initiate of Vehumet.
             Slain by an unseen horror (3 damage)
             ... on level 9 of the Dungeon.
             The game lasted 00:54:20 (11705 turns).

royokou the Destroyer (Black Draconian Conjurer)   Turns: 11705, Time: 00:54:21

Health: -1/69      AC:  7    Str: 10    XL:     10   Next: 11%
Magic:  11/22      EV: 12    Int: 18    God:    Vehumet [......]
Gold:   543        SH:  0    Dex: 13    Spells: 0/25 levels left

rFire    + + .     SeeInvis .   p - staff of conjuration
rCold    + + .     Gourm    .   (no shield)
rNeg     . . .     Faith    .   (armour unavailable)
rPois    .         Spirit   .   (helmet restricted)
rElec    +         Reflect  .   n - scarf {rC+ rF+}
rCorr    .         Harm     .   (no gloves)
MR       .....                  (no boots)
Stlth    ++........             (no amulet)
HPRegen  0.21/turn              f - ring of protection from cold
MPRegen  0.18/turn              h - ring of protection from fire

@: no status effects
A: breathe lightning, unfitting armour, electricity resistance, cold-blooded, AC
+7
a: Breathe Lightning, Renounce Religion


You were on level 9 of the Dungeon.
You worshipped Vehumet.
Vehumet was noncommittal.
You were hungry.

You visited 2 branches of the dungeon, and saw 10 of its levels.
You also visited: Ossuary.

You collected 543 gold pieces.

Inventory:

Hand Weapons
 m - a +1 war axe
Armour
 n - a scarf of resistance (worn)
Magical Staves
 p - an uncursed staff of conjuration (weapon)
Jewellery
 f - a ring of protection from cold (left hand)
 h - a ring of protection from fire (right hand)
 v - an uncursed ring of protection from fire
Wands
 u - a wand of iceblast (7)
Scrolls
 c - 2 scrolls of teleportation
 g - 6 scrolls of remove curse
 j - 2 scrolls of fog
 l - 2 scrolls of blinking
 q - a scroll of enchant weapon
 t - 5 scrolls of identify
Potions
 a - 4 potions of heal wounds
 d - 2 potions of ambrosia
 e - a potion of magic
 i - 4 potions of flight
 k - 3 potions of lignification
 o - 2 potions of might
 r - 4 potions of curing
 s - 3 potions of brilliance
 w - a potion of berserk rage {unknown}
Comestibles
 b - 12 rations


   Skills:
 - Level 1.7 Dodging
 - Level 1.7 Stealth
 + Level 8.4 Spellcasting
 + Level 10.1 Conjurations
 - Level 4.0 Hexes
 - Level 4.3 Translocations
 + Level 3.6 Air Magic


You couldn't memorise any spells.
You knew the following spells:

 Your Spells              Type           Power        Failure   Level  Hunger
a - Magic Dart            Conj           ####         1%          1    None
b - Searing Ray           Conj           ######       1%          2    None
c - Dazzling Spray        Conj/Hex       #####.       1%          3    None
d - Iskenderun's Mystic   Conj           ######..     1%          4    ###....
e - Fulminant Prism       Conj/Hex       #####.....   4%          4    ###....
f - Force Lance           Conj/Tloc      ######..     4%          4    ###....
g - Lightning Bolt        Conj/Air       #####.....   16%         5    #####..
h - Swiftness             Chrm/Air       ##......     7%          2    None

Your spell library contained the following spells:

 Spells                   Type           Power        Failure   Level  Hunger
 Shock                    Conj/Air       ####         1%          1    None
 Airstrike                Air            ###.......   22%         4    ###....
 Static Discharge         Conj/Air       #####...     1%          3    None


Dungeon Overview and Level Annotations

Branches:
Dungeon (9/15)             Temple (1/1) D:7
   Lair: D:8-11         Orc: D:9-12

Altars:
Ashenzari
Cheibriados
Dithmenos
Elyvilon
Fedhas
Gozag
Hepliaklqana
Kikubaaqudgha
Makhleb
Nemelex Xobeh
Okawaru
Qazlal
Ru
Sif Muna
Trog
Uskayaw
Vehumet
Wu Jian
Xom
Yredelemnul
Zin
The Shining One

Shops:
D:6 (

Annotations:
D:2 exclusion: oklob plant
D:5 1 runed door, Dietz's ghost, novice DrTm
D:8 Gastronok


Innate Abilities, Weirdness & Mutations

You can breathe wild blasts of lightning.
Your glossy black scales are hard. (AC +7)
You cannot fit into any form of body armour.
You are resistant to electric shocks. (rElec)
You are cold-blooded and may be slowed by cold attacks.


Message History

Confirm with . or Enter, or press ? or * to list all spells.
You can't see any susceptible monsters within range! (Use Z to cast anyway.)
Casting: Magic Dart (safe; 1% risk of failure)
Confirm with . or Enter, or press ? or * to list all spells.
Aiming: Iskenderun's Mystic Blast (safe; 1% risk of failure)
Press: ? - help, Shift-Dir - straight line You feel a surge of power!
The orb of energy explodes!
An orc priest opens the door.
Casting: Iskenderun's Mystic Blast (safe; 1% risk of failure)
Confirm with . or Enter, or press ? or * to list all spells.
Aiming: Iskenderun's Mystic Blast (safe; 1% risk of failure)
Press: ? - help, Shift-Dir - straight line You feel a surge of power!
The orb of energy explodes!
Something hits you!
* * * LOW HITPOINT WARNING * * *
The orc priest miscasts a cantrip.
Something hits you!
* * * LOW HITPOINT WARNING * * *
You see here a scorpion corpse.
Something hits you.
You die...

#........ ##########
#........
#........#######........
#........##....'....<...
.........#..####........
#........'^## #........
#........### ###'#####
#........# #...###
#######@## ###.... #†#
#.#.. ##.# ####. #..# #.
#####o## #. #......#
######## #.
+......###......# #_
#......'...###### ##
#......#####


You could see an orc priest.

Vanquished Creatures
  A two-headed ogre (D:8)
  A deep elf mage (D:8)
  Psyche (D:8)
  Joseph (D:8)
  A wyvern (D:8)
  2 orc warriors (D:6)
  A hornet zombie (D:9)
  2 ogres (D:4)
  4 centaurs
  A big kobold (D:7)
  2 elf zombies (Ossuary)
  2 bullfrogs
  4 scorpions
  A lava snake (D:7)
  A bullfrog zombie (D:7)
  A crimson imp (D:5)
  2 jellies (D:6)
  A centaur zombie (Ossuary)
  A centaur skeleton (D:5)
  5 hounds
  A human zombie (Ossuary)
  7 orc wizards
  2 orc priests
  A gnoll shaman (D:7)
  2 worker ants
  A hound zombie (D:7)
  2 hound skeletons
  2 mummies (Ossuary)
  18 adders
  3 gnolls (D:4)
  4 adder skeletons
  3 adder zombies
  2 dart slugs
  5 leopard geckos
  21 orcs
  3 giant cockroaches
  5 goblins
  11 hobgoblins
  18 jackals
  7 kobolds
  4 quokkas
  A ball python (D:5)
  2 bats (D:3)
  5 frilled lizards
  A goblin zombie (Ossuary)
  13 hobgoblin zombies (Ossuary)
  2 jackal skeletons
  A jackal zombie (Ossuary)
  11 kobold zombies (Ossuary)
  A leopard gecko skeleton (D:5)
  4 orc zombies (Ossuary)
  A quokka zombie (D:9)
  6 rats
  A rat zombie (Ossuary)
206 creatures vanquished.

Vanquished Creatures (others)
  3 fulminant prisms (D:8)
3 creatures vanquished.

Grand Total: 209 creatures vanquished

Notes
Turn   | Place    | Note
-------+----------+-------------------------------------------
     0 | D:1      | royokou the Draconian Conjurer began the quest for the Orb.
     0 | D:1      | Reached XP level 1. HP: 14/14 MP: 3/3
   445 | D:1      | Reached XP level 2. HP: 18/20 MP: 0/5
   449 | D:1      | Learned a level 2 spell: Searing Ray
  1192 | D:2      | Reached XP level 3. HP: 22/26 MP: 1/6
  1257 | D:2      | Found an ancient bone altar of Kikubaaqudgha.
  1262 | D:2      | Learned a level 3 spell: Dazzling Spray
  1287 | D:2      | Found a burning altar of Makhleb.
  1414 | D:2      | Found a blossoming altar of Fedhas.
  1428 | D:2      | Noticed an oklob plant
  1811 | D:2      | Reached skill level 5 in Conjurations
  2275 | D:2      | Reached XP level 4. HP: 31/33 MP: 1/8
  2538 | D:3      | Reached skill level 1 in Hexes
  3133 | D:4      | Noticed an ogre
  3139 | D:4      | Killed an ogre
  3139 | D:4      | Reached XP level 5. HP: 38/38 MP: 2/9
  3473 | D:4      | Reached XP level 6. HP: 41/45 MP: 7/11
  3639 | D:4      | Reached skill level 6 in Conjurations
  3827 | D:4      | Learned a level 4 spell: Iskenderun's Mystic Blast
  3942 | D:4      | Found a glowing golden altar of the Shining One.
  4287 | D:5      | Entered Level 5 of the Dungeon
  4338 | D:5      | Found a sand-covered staircase.
  4343 | Ossuary  | Entered an ossuary
  4911 | Ossuary  | Your scales start taking on a glossy black colour.
  4911 | Ossuary  | Reached XP level 7. HP: 49/50 MP: 5/13
  4911 | Ossuary  | Gained mutation: You are resistant to electric shocks. (rElec) [Black Draconian growth]
  5452 | D:5      | Learned a level 4 spell: Fulminant Prism
  5482 | D:5      | Found an iron altar of Okawaru.
  5518 | D:5      | Found a basalt altar of Yredelemnul.
  5561 | D:5      | Found a runed door.
  5566 | D:5      | Noticed Dietz's ghost (novice DrTm)
  5986 | D:5      | Found a white marble altar of Elyvilon.
  6252 | D:6      | Found a hazy altar of Hepliaklqana.
  6410 | D:6      | Reached skill level 7 in Conjurations
  6588 | D:6      | Found Fiuwnapp's Weapon Emporium.
  6618 | D:6      | Reached skill level 5 in Spellcasting
  6629 | D:6      | Reached XP level 8. HP: 57/57 MP: 3/15
  7143 | D:6      | Reached skill level 8 in Conjurations
  7199 | D:6      | Learned a level 4 spell: Force Lance
  7703 | D:6      | Found a deep blue altar of Sif Muna.
  8095 | D:7      | Reached skill level 1 in Translocations
  8628 | D:7      | Found a staircase to the Ecumenical Temple.
  8636 | Temple   | Entered the Ecumenical Temple
  8825 | Temple   | Became a worshipper of Vehumet
  9079 | D:7      | Reached XP level 9. HP: 62/62 MP: 5/19
  9598 | D:8      | Noticed a deep elf mage
  9609 | D:8      | Killed a deep elf mage
  9703 | D:8      | Reached skill level 9 in Conjurations
  9709 | D:8      | Noticed Psyche
  9861 | D:8      | Killed Psyche
  9968 | D:8      | Noticed Gastronok
 10223 | D:8      | Noticed Joseph
 10232 | D:8      | Killed Joseph
 10413 | D:8      | Learned a level 5 spell: Lightning Bolt
 10450 | D:8      | Reached skill level 1 in Air Magic
 10723 | D:8      | Noticed a two-headed ogre
 11243 | D:8      | Found a hide-covered altar of Uskayaw.
 11368 | D:8      | Killed a two-headed ogre
 11368 | D:8      | Reached skill level 10 in Conjurations
 11368 | D:8      | Reached XP level 10. HP: 69/69 MP: 5/22
 11465 | D:8      | Learned a level 2 spell: Swiftness
 11571 | D:9      | Found a stormy altar of Qazlal.
 11704 | D:9      | HP: 2/69 [something (9)]
 11705 | D:9      | Slain by an unseen horror

Vault maps used:
D:1:      saegor_arrival_simple_c
D:2:      old_standard_altar, nicolae_overflow_hidden_temple, st_stairs_5,
          tgw_fedhas
D:4:      nicolae_tso_carved_into_rock
D:5:      kennysheep_ying_yang, ebering_ghost_sewer_d, first_ration,
          enter_ossuary_2, okawaru_gym_becter
D:6:      old_standard_altar, lemuel_blue_sif_altar, serial_shops, shop,
          st_stairs_11
D:7:      minmay_temple_entry_junction_2, kennysheep_cross_bottleneck
D:8:      eat_drink_and_be_merry_uskayaw, uniq_gastronok, uniq_psyche,
          uniq_joseph
D:9:      nicolae_qazlal_eye_of_the_storm
Temple:   nicolae_temple_figure_eight
Ossuary:  ossuary_tomb_1

Skill      XL: |  1  2  3  4  5  6  7  8  9 |
---------------+----------------------------+-----
Conjurations   | 5 6 7 8 10 | 10.1
Hexes          | 2 3 4 |  4.0
Spellcasting   | 3 4 5 6 8 |  8.4
Translocations | 2 4 |  4.3
Air Magic      | 3 |  3.6
Dodging        | |  1.7
Stealth        | |  1.7

Action                   |  1- 3 |  4- 6 |  7- 9 | 10-12 || total
-------------------------+-------+-------+-------+-------++-------
Melee: Hand axe          |    25 |       |       |       ||    25
       Unarmed           |     1 |       |       |       ||     1
       Tailslap          |     4 |     1 |       |       ||     5
       War axe           |     3 |       |       |       ||     3
       Staff             |       |    20 |    13 |       ||    33
 Cast: Magic Dart        |    69 |   102 |   122 |    10 ||   303
       Searing Ray       |     5 |    26 |    46 |     3 ||    80
       Dazzling Spray    |       |     2 |       |       ||     2
       Iskenderun's Myst |       |       |    29 |     2 ||    31
       Force Lance       |       |       |     6 |     1 ||     7
       Fulminant Prism   |       |       |     3 |       ||     3
       Swiftness         |       |       |       |     1 ||     1
  Use: Scroll            |       |     8 |    10 |       ||    18
 Stab: Sleeping          |     1 |       |       |       ||     1
  Eat: Chunk             |     4 |     8 |    21 |       ||    33
       Ration            |       |     1 |     1 |       ||     2
Armor: Skin              |    16 |    24 |    13 |     8 ||    61
Dodge: Dodged            |    39 |    52 |    41 |     6 ||   138

Table legend:
 A = Spawn XP
 B = Non-spawn XP
 C = Spawn XP percentage of total XP
 D = Spawn monster count
 E = Non-spawn monster count
 F = Spawn count percentage of total count
 G = Total turns spent on level
                    A         B        C        D         E        F      G
               +---------+---------+-------+---------+---------+-------+---------
         Total |       0 |    6161 |   0.0 |       0 |     206 |   0.0 | 11705
               +---------+---------+-------+---------+---------+-------+---------
           D:1 |       0 |      36 |   0.0 |       0 |      19 |   0.0 |  1180
           D:2 |       0 |      63 |   0.0 |       0 |      17 |   0.0 |  1160
           D:3 |       0 |     111 |   0.0 |       0 |      24 |   0.0 |  1042
           D:4 |       0 |     441 |   0.0 |       0 |      25 |   0.0 |   905
           D:5 |       0 |     105 |   0.0 |       0 |       8 |   0.0 |   823
           D:6 |       0 |     927 |   0.0 |       0 |      25 |   0.0 |  1666
           D:7 |       0 |     854 |   0.0 |       0 |      25 |   0.0 |  2210
           D:8 |       0 |    3068 |   0.0 |       0 |      20 |   0.0 |  1260
           D:9 |       0 |     204 |   0.0 |       0 |       5 |   0.0 |   141
       Ossuary |       0 |     352 |   0.0 |       0 |      38 |   0.0 |  1103
               +---------+---------+-------+---------+---------+-------+---------
